 Dungeon Crawl Stone Soup version 0.19.0-26-g9e9c210 (webtiles) character file.

147 theclanless the Skirmisher (level 5, -3/28 HPs)
             Began as a Vine Stalker Monk on Nov 23, 2016.
             Slain by a white imp (4 damage)
             ... summoned by Natasha
             ... on level 2 of the Dungeon.
             The game lasted 00:06:32 (2402 turns).

theclanless the Skirmisher (Vine Stalker Monk)      Turns: 2402, Time: 00:06:33

Health: -3/28      AC:  2    Str: 13    XL:     5   Next: 29%
Magic:  0/8        EV: 14    Int: 11    God:
Gold:   130        SH:  0    Dex: 17    Spells: 0 memorised, 7 levels left

rFire  . . .     SeeInvis .       - Unarmed
rCold  . . .     Gourm    .     a - +0 robe
rNeg   + . .     Faith    .     (no shield)
rPois  .         Spirit   +     (no helmet)
rElec  .         Reflect  .     (no cloak)
rCorr  .         Harm     .     (no gloves)
MR     .....                    (no boots)
Stlth  +.........               (no amulet)
                                n - ring of loudness (curse)
                                g - ring of positive energy

@: no status effects
A: fangs 2, regeneration 1, magic shield, antimagic bite, no device heal 3, rot
immunity
a: no special abilities


You were on level 2 of the Dungeon.
You were not hungry.

You visited 1 branch of the dungeon, and saw 3 of its levels.

You collected 130 gold pieces.

Inventory:

Hand Weapons
 m - a +1 hunting sling
 o - a +0 flail of protection
Missiles
 c - 74 stones (quivered)
Armour
 a - a +0 robe (worn)
 j - a +0 ring mail
 p - a +0 leather armour
Jewellery
 f - an uncursed ring of resist corrosion
 g - a ring of positive energy (left hand)
 n - a cursed ring of loudness (right hand)
Potions
 e - 2 potions of curing
 h - a potion of magic
 k - a potion of degeneration {unknown}
Comestibles
 b - 2 bread rations
 d - 4 fruits
 i - 2 beef jerkies
 l - a chunk of flesh


   Skills:
 * Level 3.5 Fighting
 + Level 1.0 Armour
 * Level 3.2 Dodging
 + Level 3.1 Stealth
 * Level 3.4 Unarmed Combat
 * Level 1.6 Spellcasting


You had 7 spell levels left.
You didn't know any spells.

Dungeon Overview and Level Annotations

Branches:
Dungeon (3/15)

Altars:

Annotations:
D:2 Natasha


Innate Abilities, Weirdness & Mutations

You have extremely sharp teeth.
Your natural rate of healing is unusually fast.
When hurt, damage is shared between your health and your magic reserves.
Your bite disrupts and absorbs the magic of your enemies.
Potions and wands cannot restore your health.
You are immune to rotting.


Message History

The white imp gestures at you. The puff of frost hits you!
* * * LOW HITPOINT WARNING * * *
You barely miss Natasha.
Natasha is almost dead.
The leopard gecko closely misses you.
Natasha drinks a potion.
Natasha is healed!
The white imp hits you.
* * * LOW HITPOINT WARNING * * *
The white imp freezes you.
* * * LOW HITPOINT WARNING * * *
You barely miss Natasha.
Natasha is heavily wounded.
The leopard gecko bites you.
* * * LOW HITPOINT WARNING * * *
Natasha claws you.
* * * LOW HITPOINT WARNING * * *
The white imp hits you.
* * * LOW HITPOINT WARNING * * *
The white imp freezes you.
You die...

#... #... #... #... #... #...
######## #... #......#######
#... #....@5+.....# ##.#
#...l.h#####.#######.#
#.....................
#......#####..######..
########..........##.# #..
#......#.....รท....##.######..
#......#..........)..........
#......#...###....##.........
#......#...# #....###......#.


You could see Natasha, a white imp and a leopard gecko.

Vanquished Creatures
  An orc priest (D:2)
  Natasha (D:3)
  An adder (D:2)
  2 dart slugs
  2 leopard geckos
  6 orcs
  4 giant cockroaches
  5 goblins
  6 hobgoblins
  13 jackals
  2 quokkas (D:2)
  4 bats
  7 frilled lizards
  7 kobolds
  7 rats
68 creatures vanquished.

Notes
Turn   | Place    | Note
-------+----------+-------------------------------------------
     0 | D:1      | theclanless the Vine Stalker Monk began the quest for the Orb.
     0 | D:1      | Reached XP level 1. HP: 11/11 MP: 2/2
   432 | D:1      | Reached XP level 2. HP: 11/16 MP: 1/3
   796 | D:1      | Reached XP level 3. HP: 4/19 MP: 2/5
  1319 | D:2      | Reached skill level 1 in Spellcasting
  1700 | D:2      | Gained mutation: Your natural rate of healing is unusually fast. [Vine Stalker growth]
  1700 | D:2      | Reached XP level 4. HP: 13/24 MP: 3/6
  2204 | D:3      | Noticed Natasha
  2216 | D:3      | Killed Natasha
  2216 | D:3      | Reached skill level 1 in Armour
  2216 | D:3      | Reached XP level 5. HP: 28/28 MP: 8/8
  2390 | D:3      | Noticed Natasha
  2402 | D:2      | HP: 1/28 [white imp[Natasha] (1)]
  2402 | D:2      | Slain by a white imp

Skill      XL: |  1  2  3  4 |
---------------+-------------+-----
Fighting       | 3 |  3.5
Spellcasting   | 1 |  1.6
Stealth        | 3 |  3.1
Dodging        | 3 |  3.2
Armour         | 1 |  1.0
Unarmed Combat | |  3.4

Action                   |  1- 3 |  4- 6 || total
-------------------------+-------+-------++-------
Melee: Unarmed           |   123 |   117 ||   240
       Bite              |    23 |    29 ||    52
       Punch             |       |     1 ||     1
  Use: Scroll            |     2 |     1 ||     3
       Potion            |     1 |       ||     1
 Stab: Sleeping          |     4 |       ||     4
  Eat: Chunk             |     3 |     2 ||     5
Armor: Robe              |    23 |    18 ||    41
Dodge: Dodged            |    74 |    76 ||   150
